Map: Ulrena

Players

Yamborghini

  • Race: Zerg Zerg
  • League: Silver

NeverZ - Winner!

  • Race: Terran Terran
  • League: Platinum

VOD

Have the link to the VOD?

Description

Time

  • Played on: Dec. 9, 2015, 8:10 a.m.
  • Length: 21:56
Show
View Real Time Build Order
Export as new Build Order

Yamborghini Zerg 

Build Orders: Hatch First 

Get SALT Encoding   

  12  0:00  Drone  
  13  0:12  Overlord  
  13  0:17  Drone  
  14  0:31  Drone x2  
  14  0:34  Drone  
  17  0:59  Hatchery  
  17  1:00  Drone  
  17  1:02  Drone  
  18  1:09  Drone  
  18  1:10  Extractor  
  18  1:21  Spawning Pool  
  18  1:25  Drone  
  18  1:32  Drone  
  19  1:40  Overlord  
  19  1:51  Extractor  
  19  1:53  Drone  
  19  2:01  Drone  
  20  2:12  Drone  
  20  2:13  Queen  
  20  2:14  Queen  
  25  2:15  Drone  
  25  2:21  Zergling x2  
  25  2:22  Zergling x2  
  28  2:35  Overlord  
  28  2:41  Drone  
  29  2:44  Drone  
  29  2:45  Drone  
  29  2:51  Metabolic Boost  
  31  2:54  Zergling x2  
  31  2:56  Zergling x2  
  33  3:04  Drone  
  33  3:05  Roach Warren, Drone  
  34  3:15  Drone  
  34  3:16  Drone  
  36  3:22  Drone  
  36  3:23  Drone x2  
  39  3:28  Drone, Extractor x2  
  35  3:35  Spine Crawler  
  35  3:38  Drone  
  35  3:39  Zergling x4  
  35  3:41  Queen  
  37  3:42  Drone  
  37  3:43  Drone  
  37  3:47  Drone  
  43  3:48  Drone  
  43  3:55  Overlord  
  43  4:01  Lair  
  43  4:07  Drone  
  43  4:08  Overlord  
  44  4:14  Overlord  
  44  4:19  Extractor  
  44  4:21  Roach  
  44  4:22  Roach x2  
  48  4:30  Roach  
  48  4:31  Roach  
  52  4:33  Roach  
  54  4:40  Drone x3  
  54  4:42  Roach  
  54  4:43  Evolution Chamber  
  54  4:44  Evolution Chamber  
  56  4:48  Roach  
  56  4:49  Roach  
  56  4:52  Drone  
  60  4:53  Overlord  
  60  5:01  Roach x2  
  64  5:10  Overlord  
  64  5:12  Zerg Missile Weapons Level 1  
  64  5:27  Overlord  
  64  5:29  Zerg Ground Armor Level 1  
  64  5:33  Glial Reconstitution  
  64  5:35  Drone x4  
  67  5:38  Roach x2  
  67  5:39  Roach  
  74  5:45  Spore Crawler  
  74  5:46  Drone  
  74  5:47  Overlord  
  74  6:03  Drone x3  
  74  6:04  Drone  
  78  6:10  Roach x3  
  84  6:24  Drone x2  
  86  6:29  Roach x3  
  92  6:37  Roach  
  92  6:38  Spore Crawler  
  92  6:39  Overlord  
  93  6:41  Roach x3  
  93  6:43  Hatchery  
  98  6:55  Roach  
  84  7:25  Zergling x10  
  84  7:28  Zergling x10  
  94  7:36  Zergling x2  
  93  7:46  Roach  
  95  7:52  Roach  
  95  7:53  Roach  
  95  7:54  Zerg Missile Weapons Level 2  
  99  8:01  Infestation Pit, Queen  
  99  8:02  Drone  
  101  8:13  Roach  
  101  8:14  Zergling x4  
  101  8:17  Roach x3  
  111  8:29  Spine Crawler  
  108  8:34  Spine Crawler  
  78  9:03  Roach x3  
  82  9:13  Overseer, Roach x3  
  82  9:16  Roach x3  
  80  9:21  Overseer  
  80  9:23  Roach  
  80  9:25  Hive  
  80  9:27  Infestor  
  80  9:28  Infestor  
  80  9:29  Hatchery  
  83  9:36  Infestor  
  85  9:39  Zergling x2  
  85  9:40  Zergling x4  
  85  9:43  Roach x3  
  85  9:45  Zergling x6  
  97  9:46  Zergling x2  
  97  9:49  Roach x2, Extractor  
  97  9:50  Extractor  
  97  9:51  Roach  
  102  9:53  Zergling x2  
  103  10:01  Drone x2  
  103  10:02  Drone  
  103  10:05  Drone  
  107  10:09  Zerg Ground Armor Level 2  
  107  10:11  Roach  
  107  10:12  Zergling x2  
  110  10:14  Zergling x2  
  110  10:16  Drone x3  
  106  10:59  Roach  
  106  11:00  Roach x4  
  106  11:01  Roach  
  106  11:02  Overlord  
  106  11:03  Overlord x3  
  118  11:15  Overlord x3  
  118  11:19  Ravager  
  118  11:21  Infestor x2  
  118  11:22  Roach  
  127  11:33  Ultralisk Cavern, Roach  
  127  11:34  Zergling x4  
  127  11:35  Zergling x8  
  132  11:48  Roach x2  
  132  11:49  Roach x2  
  132  11:50  Zergling x6  
  132  11:53  Roach x3  
  149  12:21  Ultralisk  
  148  12:33  Roach x3  
  148  12:34  Overlord x5  
  154  12:45  Drone x3  
  154  12:50  Roach x3, Zergling x4  
  165  12:52  Roach  
  138  13:31  Roach x4  
  138  13:33  Roach x4  
  138  13:34  Roach  
  149  13:35  Roach x5  
  149  13:36  Roach  
  151  13:58  Roach x2  
  114  14:30  Roach, Zergling x2  
  114  14:31  Roach x3  
  105  14:32  Roach x2  
  105  14:33  Roach x3  
  105  14:34  Roach  
  105  14:35  Roach x2  
  108  14:45  Roach, Queen  
  108  14:49  Zerg Missile Weapons Level 3  
  108  14:50  Zerg Ground Armor Level 3  
  108  14:51  Roach  
  108  14:52  Roach, Queen  
  112  14:53  Queen  
  112  14:58  Drone x2  
  118  15:00  Queen  
  118  15:05  Roach x2  
  124  15:11  Roach  
  124  15:12  Roach  
  128  15:16  Drone, Spire  
  128  15:19  Drone  
  128  15:20  Drone  
  130  15:22  Drone  
  130  15:23  Drone  
  130  15:24  Drone x2  
  130  15:26  Roach  
  130  15:28  Roach  
  138  15:31  Roach  
  140  15:54  Roach x2  
  140  15:55  Zergling x2  
  140  15:56  Zergling x6  
  148  16:09  Overlord  
  148  16:11  Roach x6  
  156  16:15  Zergling x2  
  156  16:16  Zergling x4  
  161  16:20  Queen  
  159  16:27  Overlord  
  159  16:30  Corruptor x3  
  159  16:31  Corruptor x3  
  159  16:32  Corruptor x2  
  175  16:52  Corruptor  
  175  16:53  Corruptor  
  175  16:54  Roach, Zergling x2  
  179  17:09  Spore Crawler x2  
  179  17:11  Spore Crawler, Roach  
  178  17:22  Roach x3  
  184  17:25  Corruptor  
  142  18:21  Corruptor  
  142  18:22  Corruptor x4  
  142  18:26  Zergling x2  
  152  18:27  Zergling x8  
  152  18:28  Zergling x6  
  159  18:37  Extractor  
  159  18:38  Extractor  
  157  18:46  Ravager x2  
  157  18:47  Hatchery, Ravager  
  161  19:10  Ravager x3  
  161  19:11  Zergling x2  
  161  19:12  Zergling x8  
  161  19:14  Zergling x2  
  161  19:15  Zergling x6  
  161  19:16  Zergling x8  
  173  19:33  Zergling x4  
  173  19:34  Zergling x2  
  173  19:37  Zergling x2  
  158  20:23  Zergling x6  
  158  20:24  Zergling x2  
  158  20:25  Zergling x4  
  158  20:27  Zergling x2  
  139  20:57  Roach x2  
  139  20:59  Zergling x2  
  139  21:00  Roach  
  139  21:01  Roach x2  
  130  21:25  Zergling x4  
  109  21:49  Spawning Pool  
Show
View Real Time Build Order
Export as new Build Order

NeverZ Terran - Winner!

Build Orders: MMM Bio 

Get SALT Encoding   

  12  0:01  SCV  
  13  0:13  SCV  
  14  0:18  Supply Depot  
  14  0:25  SCV  
  15  0:30  Refinery  
  15  0:40  SCV  
  16  0:46  Barracks  
  16  0:56  SCV  
  17  1:08  SCV  
  18  1:20  SCV  
  18  1:23  Supply Depot  
  19  1:34  Marine  
  19  1:38  Factory  
  20  1:45  Orbital Command  
  20  2:03  Barracks Reactor  
  20  2:16  SCV  
  21  2:29  SCV  
  22  2:31  Command Center  
  22  2:48  SCV  
  22  2:49  Barracks Tech Lab  
  22  2:56  Hellion x2  
  26  2:58  Supply Depot  
  26  3:00  SCV  
  27  3:09  Stimpack  
  27  3:12  SCV, Marine  
  29  3:22  Hellion x2  
  29  3:24  SCV  
  34  3:36  SCV  
  35  3:42  Refinery  
  35  3:44  Engineering Bay  
  36  3:48  SCV  
  36  4:00  Hellion  
  36  4:01  Hellion  
  36  4:02  Bunker  
  40  4:03  SCV  
  40  4:05  Marine  
  42  4:13  Orbital Command  
  42  4:15  SCV  
  43  4:29  SCV  
  44  4:48  SCV x2  
  46  4:53  Terran Infantry Weapons Level 1  
  46  4:57  Command Center, Supply Depot  
  46  5:00  SCV  
  46  5:01  Barracks  
  46  5:05  Barracks  
  47  5:10  Starport  
  47  5:11  Refinery  
  47  5:15  SCV, Refinery  
  48  5:27  Marauder  
  48  5:29  Widow Mine x2  
  52  5:35  SCV  
  52  5:36  SCV  
  54  5:44  Liberator  
  54  5:48  SCV x2, Marauder  
  58  5:57  Barracks Reactor, Barracks Tech Lab  
  58  6:03  SCV  
  62  6:09  SCV  
  62  6:11  Planetary Fortress  
  63  6:14  Missile Turret  
  63  6:15  SCV, Missile Turret  
  58  6:20  Combat Shields  
  58  6:22  Missile Turret  
  54  6:31  SCV x2  
  56  6:37  Marauder  
  56  6:38  Marine x3  
  61  6:43  SCV  
  61  6:44  Starport Reactor  
  62  6:47  Missile Turret  
  62  6:57  Sensor Tower  
  62  7:00  SCV  
  62  7:01  SCV x2  
  65  7:09  Barracks  
  65  7:11  Starport, Barracks  
  65  7:12  SCV  
  65  7:14  Barracks  
  53  7:31  Marauder x2, Marine x2  
  58  7:44  Liberator  
  58  7:49  Refinery, Marine x2  
  60  7:52  Refinery, Marauder  
  60  7:53  Marauder  
  64  8:03  Starport Tech Lab  
  67  8:05  Barracks Tech Lab  
  67  8:06  Barracks Tech Lab x2  
  67  8:14  Supply Depot, Marauder  
  67  8:15  SCV x2  
  67  8:16  Liberator  
  67  8:17  Supply Depot  
  71  8:20  SCV  
  71  8:24  Concussive Shells  
  71  8:26  Marine  
  71  8:27  SCV x2, Marine  
  60  8:59  Marauder x3  
  61  9:13  SCV x3  
  63  9:25  SCV x3  
  66  9:37  SCV x3  
  69  9:39  Terran Infantry Armor Level 1  
  69  9:42  Engineering Bay  
  69  9:49  SCV  
  70  10:08  Refinery  
  70  10:09  Refinery  
  70  10:15  Supply Depot  
  70  10:16  SCV x3, Supply Depot  
  70  10:20  Supply Depot  
  73  10:22  Marine  
  73  10:23  Marine x2  
  73  10:27  Medivac  
  78  10:28  SCV  
  78  10:29  SCV  
  80  10:38  Supply Depot  
  80  10:44  Armory, Supply Depot  
  80  10:48  Marine x5  
  83  10:53  Marine x2  
  83  10:59  Medivac  
  83  11:01  Supply Depot  
  83  11:02  SCV x2  
  83  11:03  SCV  
  88  11:05  Marine x2  
  88  11:06  Marine  
  88  11:09  Medivac  
  88  11:10  Marine  
  94  11:11  Marine  
  94  11:15  Liberator x2  
  101  11:33  Marine x4  
  101  11:34  Marine x3  
  108  11:40  Terran Infantry Weapons Level 2  
  108  11:45  Terran Infantry Armor Level 2  
  108  11:50  Liberator  
  108  11:58  Liberator  
  107  12:05  Marine x3  
  107  12:06  Marine x4  
  120  12:16  SCV  
  120  12:17  SCV  
  106  12:34  Marine  
  106  12:35  Marine x2  
  109  12:41  Medivac  
  109  12:42  Marauder x3, Marine  
  118  12:50  Medivac  
  120  12:52  Marine x2  
  120  12:53  Marine  
  123  13:00  Marine  
  123  13:03  Marine x3  
  127  13:10  Marine x2  
  127  13:11  Marine  
  122  13:23  Marine x2  
  122  13:24  Marine x2  
  115  13:28  Marine x2  
  115  13:29  Marine  
  95  13:41  Marine x4  
  95  13:48  Marine x2  
  90  13:59  Marine x2  
  90  14:05  Marine  
  90  14:10  Liberator  
  90  14:12  Liberator  
  88  14:18  Marauder  
  88  14:21  Liberator  
  88  14:23  Marine  
  94  14:47  Command Center  
  94  15:00  Terran Infantry Weapons Level 3  
  94  15:05  Marine  
  94  15:13  Barracks  
  94  15:14  Barracks  
  94  15:17  Barracks  
  94  15:41  Liberator  
  94  15:45  Supply Depot  
  94  15:46  Supply Depot  
  94  15:48  Supply Depot  
  94  15:49  Supply Depot  
  94  15:50  Supply Depot  
  94  15:51  Supply Depot  
  94  15:58  Supply Depot  
  94  16:00  Barracks Reactor  
  94  16:01  Factory Reactor  
  94  16:03  Marine  
  94  16:04  Marine x2  
  100  16:14  Liberator  
  100  16:15  Liberator  
  100  16:21  Marine x3  
  109  16:36  Marine x2  
  109  16:39  Marine x3  
  114  16:44  Orbital Command  
  114  16:50  Medivac  
  116  16:54  Marine  
  116  16:57  Marine  
  116  16:58  Marauder x2  
  121  17:14  Marine x2  
  121  17:15  Marauder  
  125  17:18  Marine x2  
  127  17:32  Marine x2  
  127  17:36  Marine x3  
  131  17:49  Marine  
  131  17:50  Marine  
  130  17:54  Marine x3  
  107  18:07  Marine  
  107  18:08  Marine  
  107  18:11  Marine  
  107  18:12  Marine x2  
  100  18:25  Marine  
  100  18:26  Marine  
  102  18:29  Marine  
  102  18:30  Marine x2  
  105  18:43  Marine x2  
  105  18:47  Marine x2  
  105  18:48  Marine  
  108  19:00  Liberator  
  108  19:01  Marine x2, Liberator  
  101  19:05  Marine x3  
  101  19:07  Orbital Command  
  99  19:19  Marine x2  
  99  19:21  Orbital Command  
  99  19:23  Marine x3  
  103  19:36  Marine  
  103  19:37  Marine  
  102  19:40  Marine  
  102  19:41  Marine x2  
  102  19:44  Liberator  
  105  19:54  Marine  
  105  19:58  Marine  
  105  19:59  Marine x2  
  109  20:10  Marine  
  109  20:12  Marine  
  108  20:17  Marine, Marauder x2  
  113  20:28  Marine  
  114  20:30  Marine  
  114  20:33  Orbital Command  
  114  20:34  Marine  
  114  20:37  Marine  
  114  20:38  Marine  
  113  20:46  Marine  
  113  20:48  Marine  
  109  20:52  Marine  
  109  20:55  Marine  
  109  20:56  Marine  
  107  21:03  Marine  
  96  21:05  Marine  
  96  21:10  Marine  
  98  21:13  Marine  
  98  21:14  Marine  
  94  21:21  Marine  
  94  21:23  Marine  
  94  21:24  SCV  
  96  21:28  Marine  
  96  21:31  Marine x2  
Tags
 
Composition
MMM Bio
Matchup
TvZ
Add a new tag
Caveats
  • Supply blocks, unpowered buildings, or Contaminate may cause inaccurate times.
  • Supply counts are checked every 10 seconds.